 Dungeon Crawl Stone Soup version 0.30.0-29-ga12c61a403 (webtiles) character file.

Game seed: 5317935171253402648

35 BONEBRO the Charlatan (level 3, 0/15 HPs)
             Began as a Felid Artificer on June 22, 2023.
             Succumbed to an adder's poison
             ... on level 2 of the Dungeon.
             The game lasted 00:04:11 (831 turns).

BONEBRO the Charlatan (Felid Artificer)              Turns: 831, Time: 00:04:11

Health: 0/15       AC:  1    Str: 10    XL:     3   Next: 17%
Magic:  4/4        EV: 18    Int: 12    God:
Gold:   99         SH:  0    Dex: 16    Spells: 2/2 levels left
                                        Lives:  0   Deaths: 0

rFire   . .          .
                       - Unarmed
rCold   . . .        (shield unavailable)
rNeg    . . .        (body armour unavailable)
rPois   .            (helmet unavailable)
rElec   .            (cloak unavailable)
rCorr   .            (gloves unavailable)
SInv    +            (boots unavailable)
Will    .....        (no amulet)
Stlth   ++           (no ring)
HPRegen 0.22/turn    (no ring)
MPRegen 0.09/turn

%: no passive effects
@: lethally poisoned (0 -> -6), quick
A: very small, claws 1, fangs 3, see invisible, speed 1, shaggy fur 1, stealthy
paws, no weapons or thrown items, no armour, multi-lived
a: no special abilities


You were on level 2 of the Dungeon.
You visited 1 branch of the dungeon, and saw 2 of its levels.

You collected 99 gold pieces.

Inventory:

Wands
 b - a wand of charming (13)
 c - a wand of iceblast (5)
Scrolls
 h - a scroll of identify {unknown}
 i - a scroll of immolation {unknown}
 k - a scroll of teleportation {unknown}
Potions
 d - a potion of berserk rage {unknown}
 e - a potion of curing {unknown}
 f - a potion of cancellation {unknown}
 g - a potion of lignification {unknown}
 j - a potion of resistance {unknown}


   Skills:
 - Level 1.0 Fighting
 - Level 3.2 Dodging
 - Level 1.3 Stealth
 + Level 2.9 Unarmed Combat
 - Level 3.2 Evocations


You had 2 spell levels left.
You didn't know any spells.
Your spell library was empty.

Dungeon Overview and Level Annotations

Branches:
Dungeon (2/15)

Altars:

Shops:
D:1 ((*[


Innate Abilities, Weirdness & Mutations

You have sharp claws.
You have razor-sharp teeth.
You have supernaturally acute eyesight. (SInv)
You cover ground quickly. (Speed+)
You are covered in fur. (AC +1)
Your paws help you pounce on unaware monsters.
You are incapable of wielding weapons or throwing items.
You cannot wear armour.
You gain extra lives every three experience levels.


Message History

Robin is almost dead.
The now-empty wand crumbles to dust.
Robin misses you.
You scratch Robin but do no damage. You bite Robin.
You kill Robin!
You have reached level 3!
Your experience leads to an increase in your attributes!
Increase (S)trength, (I)ntelligence, or (D)exterity?
You feel stronger. x2
Aiming: Charm
Press: ? - help, Shift-Dir - straight line, f - hobgoblin
Aim: a hobgoblin (chance to affect: 73%)
The hobgoblin struggles to resist.
The hobgoblin hits you.
Aiming: Charm
Press: ? - help, Shift-Dir - straight line, f/p - hobgoblin
Aim: a hobgoblin (chance to affect: 73%)
The hobgoblin is charmed.
A hobgoblin comes into view.
The goblin hits your hobgoblin with a +0 club.
A goblin comes into view. It is wielding a +0 dagger.
Found a scroll labelled GOEFUE WAMOUWKAM.
A hobgoblin comes into view.
Found 14 gold pieces.
An adder and a goblin come into view.
Found a stone staircase leading down.
The adder barely misses you.
You see here a scroll labelled GOEFUE WAMOUWKAM.
The adder attacks as you move away! The adder bites you.
You are poisoned.
The adder poisons you!
You feel sick.
You claw the adder!
The adder is severely wounded.
You feel sick. The adder bites you.
* * * LOW HITPOINT WARNING * * *
You are more poisoned.
The adder poisons you!
* * * LOW HITPOINT WARNING * * *
You feel sick.
* * * LOW HITPOINT WARNING * * *
You feel sick.
You die...

### ### #g ..# #.. #.
#.# #.# # #. #.#
#.###.### #. #.#
#........ #.
#.####@....##
#.#####.g.S.........
###...g...############
..##.g...........
#)##.#..#.#######
#.##.#........
#g##.#.##.####
#g##.#....#
#.##.#####.


You could see an adder and a goblin.

Vanquished Creatures
  Robin (D:2)
  A dart slug (D:1)
  A ball python (D:1)
  A bat (D:1)
  A giant cockroach (D:1)
  5 goblins
  2 hobgoblins
  4 jackals (D:1)
  2 kobolds (D:1)
  A frilled lizard (D:1)
19 creatures vanquished.

Notes
Turn   | Place    | Note
-------+----------+-------------------------------------------
     0 | D:1      | BONEBRO the Felid Artificer began the quest for the Orb.
     0 | D:1      | Reached XP level 1. HP: 9/9 MP: 2/2
   102 | D:1      | Reached skill level 1 in Unarmed Combat
   133 | D:1      | Reached XP level 2. HP: 8/12 MP: 3/3
   279 | D:1      | Found Botrufiu's Weapon Shoppe.
   385 | D:1      | Found Erpham's Armour Shoppe.
   462 | D:1      | Found Zahauc's Assorted Antiques.
   515 | D:1      | Found Qirch's Antique Weapon Emporium.
   785 | D:2      | Noticed Robin
   791 | D:2      | Killed Robin
   792 | D:2      | Reached XP level 3. HP: 10/15 MP: 4/4
   831 | D:2      | Succumbed to an adder's poison

Illustrated notes

Levels and vault maps discovered:
D:1:      erik_arrival_cave_to_civilisation [erik_arrival_cave_to_hall],
          layout_loops_ring, serial_shops, nicolae_shop_just_a_little_nook,
          shop, shop, nicolae_shop_crystal
D:2:      layout_basic, minmay_domino_2, uniq_robin, uniq_natasha, uniq_terence

Skill      XL: |  1  2 |
---------------+-------+-----
Unarmed Combat | 1 2 |  2.9
Fighting       | |  1.0
Dodging        | |  3.2
Stealth        | |  1.3
Evocations     | |  3.2

Action                     || total
---------------------------++-------
  Melee: Unarmed           ||    30
         Bite              ||     2
         Punch             ||     1
  Evoke: Wand              ||    17
   Stab: Sleeping          ||     5
 Armour: Skin              ||     1
  Dodge: Dodged            ||    32
